 Dungeon Crawl Stone Soup version 0.28-b1-25-g9875b3fc8c (webtiles) character file.

Game seed: 17933813992370456603

77 Masnef the Spear-Bearer (level 4, -1/38 HPs)
             Began as a Gnoll Wanderer on Feb 6, 2022.
             Was a Believer of Zin.
             Slain by a lemure (5 damage)
             ... led by Pikel
             ... on level 3 of the Dungeon.
             The game lasted 00:04:18 (2545 turns).

Masnef the Spear-Bearer (Gnoll Wanderer)            Turns: 2545, Time: 00:04:19

Health: -1/38      AC:  6    Str: 13 (14) XL:     4   Next: 34%
Magic:  8/8        EV:  9    Int: 11 (13) God:    Zin [**....]
Gold:   101        SH:  0    Dex:  8 (9)  Spells: 8/9 levels left

rFire   + . .      SeeInvis .   a - +3 spear
rCold   . . .      Faith    .   (no shield)
rNeg    . . .      Spirit   .   i - +0 scale mail
rPois   .          Reflect  .   (no helmet)
rElec   .          Harm     .   (no cloak)
rCorr   .          Rampage  .   (no gloves)
Will    .....                   (no boots)
Stlth   ..........              (no amulet)
HPRegen 0.12/turn               h - ring of protection from fire
MPRegen 0.11/turn               (no ring)

@: on recite cooldown
A: fangs 1, strong nose, distributed training
a: Renounce Religion, Recite, Vitalisation, Donate Gold


You were on level 3 of the Dungeon.
You worshipped Zin.
Zin was pleased with you.
You visited 1 branch of the dungeon, and saw 4 of its levels.

You collected 112 gold pieces.
You donated 11 gold pieces to Zin.

Inventory:

Hand Weapons
 a - a +3 spear (weapon)
Missiles
 m - 5 atropa-tipped darts
Armour
 b - a +0 leather armour
 i - a +0 scale mail (worn)
Jewellery
 h - a ring of protection from fire (left hand)
Scrolls
 c - a scroll of blinking {unknown}
 e - a scroll of identify {unknown}
 f - 2 scrolls of vulnerability {unknown}
 g - 2 scrolls of magic mapping {unknown}
 j - a scroll of immolation {unknown}
 q - a scroll of fog {unknown}
Potions
 d - 3 potions of curing
 k - a potion of haste {unknown}
 l - a potion of brilliance {unknown}
 n - a potion of degeneration
 o - a potion of experience {unknown}
 p - 2 potions of ambrosia {unknown}


   Skills:
 + Level 4.6 Fighting
 + Level 1.1 Short Blades
 + Level 1.1 Long Blades
 + Level 1.1 Axes
 + Level 1.1 Maces & Flails
 + Level 8.5 Polearms
 + Level 1.1 Staves
 + Level 1.1 Slings
 + Level 1.1 Bows
 + Level 1.1 Crossbows
 + Level 1.1 Throwing
 + Level 1.1 Armour
 + Level 2.7 Dodging
 + Level 1.1 Stealth
 + Level 1.1 Shields
 + Level 1.1 Unarmed Combat
 + Level 3.0 Spellcasting
 + Level 0.8 Conjurations
 + Level 0.8 Hexes
 + Level 0.8 Summonings
 + Level 0.8 Necromancy
 + Level 0.8 Translocations
 + Level 0.8 Transmutations
 + Level 0.8 Fire Magic
 + Level 3.8 Ice Magic
 + Level 0.8 Air Magic
 + Level 0.8 Earth Magic
 + Level 0.8 Poison Magic
 + Level 1.2 Invocations
 + Level 1.1 Evocations


You had 8 spell levels left.
You knew the following spells:

 Your Spells              Type           Power      Damage    Failure   Level
a - Freeze                Ice            40%        1d6       26%         1

Your spell library contained the following spells:

 Spells                   Type           Power      Damage    Failure   Level
 Ozocubu's Armour         Ice            10%        N/A       61%         3


Dungeon Overview and Level Annotations

Branches:
Dungeon (4/15)
 Temple: D:4-7

Altars:
Zin

Annotations:
D:3 Pikel


Innate Abilities, Weirdness & Mutations

You have very sharp teeth.
Your uncanny sense of smell can sniff out nearby items.
Your experience applies equally to all skills.


Message History

You closely miss the lemure.
The lemure is lightly wounded.
The lemure hits you. Pikel closely misses you.
You puncture the lemure!
The lemure is moderately wounded.
The lemure hits you but does no damage.
You barely miss the lemure.
The lemure is moderately wounded.
Pikel barely misses you.
Activating: Recite (4% risk of failure)
Press: ? - help, Dir - look around, f - activate You clear your throat and prepare to recite. "Zin saw the uncleanliness of the agents of filth, and..."
The lemure hits you.
Pikel says, "You'll make a fine lemure."
Pikel barely misses you. "...was displeased, for did the law not say that..."
The lemure misses you.
Pikel hits you with a +0 whip of freezing.
Pikel freezes you. "...those who did not become clean would be expelled?"
You finish reciting Ablutions 6:14.
The lemure hits you but does no damage. Pikel completely misses you.
Unknown command.
You closely miss the lemure. Your bite misses the lemure.
The lemure is moderately wounded.
The lemure hits you. Pikel barely misses you.
Unknown command.
It was a potion of curing.
You feel better. The lemure hits you!
* * * LOW HITPOINT WARNING * * *
Pikel hits you with a +0 whip of freezing.
* * * LOW HITPOINT WARNING * * *
Pikel freezes you.
* * * LOW HITPOINT WARNING * * *
Unknown command.
It was a potion of degeneration.
There was something very wrong with that liquid.
You feel weakened.
You feel dopey.
You feel clumsy. The lemure hits you.
You die...

#.......#.#.###...###
#...#.......##.>.....
##.....####.###...###
#.#.#.# #.# ##.....
#.#.#.# #.# ##.##.
#.#.#.####.# #.##.
#..........#####.###
###5#............# #
#@######.########
###K# #......[.#
#...# ########.#
#.### #.# #.#
######.# ###.#
#......# #...#
#.###### #.### #.#
#.# #.#######


You could see Pikel and a lemure.

Vanquished Creatures
  A lemure (D:3)
  An adder (D:3)
  A worm (D:2)
  A dart slug (D:2)
  6 ball pythons
  4 bats
  7 endoplasms
  3 giant cockroaches
  5 goblins
  6 hobgoblins
  6 jackals (D:1)
  2 kobolds (D:3)
  2 quokkas
  A frilled lizard (D:1)
  10 rats
56 creatures vanquished.

Notes
Turn   | Place    | Note
-------+----------+-------------------------------------------
     0 | D:1      | Masnef the Gnoll Wanderer began the quest for the Orb.
     0 | D:1      | Masnef set off with the following items: a +3 spear, a +0
                  | leather armour; and the following spell memorised: Freeze;
                  | and the following spells available to memorise: Ozocubu's
                  | Armour
     0 | D:1      | Reached XP level 1. HP: 20/20 MP: 4/4
    33 | D:1      | Reached XP level 2. HP: 20/26 MP: 5/5
   581 | D:1      | Reached XP level 3. HP: 25/31 MP: 2/7
   936 | D:1      | Found a faded altar of an unknown god.
   942 | D:1      | Prayed at the altar of an unknown god.
   942 | D:1      | Became a worshipper of Zin the Law-Giver
   942 | D:1      | Reached * piety under Zin
  1049 | D:2      | Reached skill level 1 in Invocations
  1404 | D:2      | Reached skill level 1 in Short Blades
  1404 | D:2      | Reached skill level 1 in Long Blades
  1404 | D:2      | Reached skill level 1 in Axes
  1404 | D:2      | Reached skill level 1 in Maces & Flails
  1404 | D:2      | Reached skill level 1 in Staves
  1404 | D:2      | Reached skill level 1 in Slings
  1404 | D:2      | Reached skill level 1 in Bows
  1404 | D:2      | Reached skill level 1 in Crossbows
  1404 | D:2      | Reached skill level 1 in Throwing
  1404 | D:2      | Reached skill level 1 in Armour
  1404 | D:2      | Reached skill level 1 in Stealth
  1404 | D:2      | Reached skill level 1 in Shields
  1404 | D:2      | Reached skill level 1 in Unarmed Combat
  1404 | D:2      | Reached skill level 1 in Evocations
  1596 | D:3      | Reached ** piety under Zin
  1626 | D:3      | Reached XP level 4. HP: 36/38 MP: 8/8
  2263 | D:4      | Noticed Pikel
  2263 | D:4      | Noticed a lemure
  2263 | D:4      | Noticed a lemure
  2263 | D:4      | Noticed a lemure
  2265 | D:4      | Noticed a lemure
  2282 | D:3      | Killed a lemure
  2545 | D:3      | Slain by a lemure

Illustrated notes

Levels and vault maps discovered:
D:1:      heliophobic_arrival_ceremonial_halls, layout_basic,
          basic_ecumenical_altar
D:2:      layout_rooms, kennysheep_decorative_pillar
D:3:      layout_loops_ring
D:4:      corexii_shack_village, layout_basic, serial_bayou_pond_c,
          serial_bayou_pond_d, saegor_snake_ambush, uniq_blork_the_orc,
          uniq_eustachio, uniq_pikel

Skill      XL: |  1  2  3  4 |
---------------+-------------+-----
Invocations    | 1 |  1.2
Short Blades   | 1 |  1.1
Long Blades    | 1 |  1.1
Axes           | 1 |  1.1
Maces & Flails | 1 |  1.1
Staves         | 1 |  1.1
Slings         | 1 |  1.1
Bows           | 1 |  1.1
Crossbows      | 1 |  1.1
Throwing       | 1 |  1.1
Armour         | 1 |  1.1
Stealth        | 1 |  1.1
Shields        | 1 |  1.1
Unarmed Combat | 1 |  1.1
Evocations     | 1 |  1.1
Spellcasting   | 3 |  3.0
Fighting       | |  4.6
Polearms       | |  8.5
Dodging        | |  2.7
Conjurations   | |  0.8
Hexes          | |  0.8
Summonings     | |  0.8
Necromancy     | |  0.8
Translocations | |  0.8
Transmutations | |  0.8
Fire Magic     | |  0.8
Ice Magic      | |  3.8
Air Magic      | |  0.8
Earth Magic    | |  0.8
Poison Magic   | |  0.8

Action                   |  1- 3 |  4- 6 || total
-------------------------+-------+-------++-------
Melee: Spear             |   119 |    57 ||   176
       Bite              |     2 |     4 ||     6
       Punch             |     1 |       ||     1
 Cast: Freeze            |     7 |       ||     7
Invok: Recite            |       |     1 ||     1
  Use: Potion            |       |     2 ||     2
Armor: Leather armour    |    12 |       ||    12
       Scale mail        |     1 |     7 ||     8
Dodge: Dodged            |    38 |    18 ||    56
